AoeStats
← Proplyir88

Arena

507928595Analyzed
2v2 RM · 12d ago on Sep 20, 2026· 51m 56s· 4 players
Game mode
Random Map
Map size
Medium (4 player)
Population
200
Speed
Normal
Resources
Standard
Victory
Conquest
Starting age
Dark Age
Ending age
Imperial Age
RankedLock teamsTeams togetherTeam positionsShared explorationLock speedFull tech treeHidden civsTurbo modeCheats
Victory
Defeat
🇪🇨 Spanish · Ecuador
1057
+15
🇲🇽 Italians · Mexico
1052
+15
🇭🇺 Turks · Hungary
1045
-44
🇩🇪 Cumans · Germany
1032
-15
uff
9:35 Loom
11:36 Feudal Age
15:51 Castle Age
14:29 Double-Bit Axe
14:40 Horse Collar
22:25 Wheelbarrow
27:48 Steppe Husbandry
28:01 Light Cavalry
29:51 Heavy Plow
30:51 Forging
30:41 Padded Archer Armor
30:36 Fletching
30:50 Scale Mail Armor
31:36 Bloodlines
34:28 Imperial Age
32:39 Leather Archer Armor
33:27 Iron Casting
34:35 Hussar
36:46 Bow Saw
37:11 Conscription
37:47 Cuman Mercenaries
41:15 Elite Kipchak
43:18 Ballistics
Proplyir88
7:07 Loom
9:56 Feudal Age
12:14 Horse Collar
12:20 Double-Bit Axe
18:26 Castle Age
18:54 Bloodlines
18:57 Forging
20:31 Iron Casting
23:33 Scale Barding Armor
24:54 Ballistics
26:26 Chain Barding Armor
27:13 Wheelbarrow
28:26 Heavy Plow
29:41 Bow Saw
38:28 Imperial Age
37:30 Husbandry
37:51 Hand Cart
38:39 Gold Mining
41:18 Blast Furnace
40:54 Plate Barding Armor
adalbert01997
11:36 Feudal Age
15:44 Castle Age
13:58 Double-Bit Axe
13:57 Horse Collar
15:25 Stone Mining
16:17 Fletching
17:36 Scale Barding Armor
18:37 Forging
23:16 Bloodlines
27:10 Wheelbarrow
26:21 Town Watch
27:08 Bodkin Arrow
28:08 Loom
29:00 Ballistics
28:46 Padded Archer Armor
29:54 Hand Cart
30:58 Leather Archer Armor
34:46 Imperial Age
32:34 Fervor
33:22 Town Patrol
34:06 Iron Casting
36:05 Bracer
35:29 Elite Genoese Crossbowman
37:21 Chemistry
38:06 Ring Archer Armor
38:39 Blast Furnace
38:10 Ring Archer Armor
El_Warnersito
11:38 Feudal Age
13:08 Wheelbarrow
12:20 Double-Bit Axe
13:28 Loom
15:48 Castle Age
15:00 Stone Mining
15:03 Horse Collar
15:50 Padded Archer Armor
17:25 Bow Saw
22:00 Leather Archer Armor
22:25 Gold Mining
24:25 Hand Cart
26:13 Heavy Plow
26:21 Town Watch
29:52 Imperial Age
29:19 Scale Barding Armor
29:25 Forging
30:01 Bloodlines
29:52 Husbandry
30:38 Fervor
32:05 Ring Archer Armor
31:27 Fletching
32:00 Conscription
33:10 Elite Skirmisher
35:08 Two-Man Saw
34:34 Thumb Ring
35:24 Bodkin Arrow
36:52 Chemistry
36:14 Ballistics
36:20 Bracer
36:46 Elite Conquistador
38:15 Masonry
38:47 Town Patrol
40:00 Chain Barding Armor
41:06 Iron Casting
42:10 Scale Mail Armor
43:11 Blast Furnace
43:29 Gambesons
43:45 Squires
43:06 Pikeman
44:03 Chain Mail Armor
43:43 Capped Ram
45:18 Halberdier
46:54 Siege Ram
Connection lost

Rejoining the realm…

Still unreachable

The connection could not be restored.

Session expired

The server has moved on; the page needs a fresh start.